 Dungeon Crawl Stone Soup version 0.25-b1-37-g2669288c55 (webtiles) character file.

Game seed: 4196532044143615498

31 dorian the Firebug (level 3, 0/26 HPs)
             Began as a Draconian Fire Elementalist on June 4, 2020.
             Slain by Natasha (1 damage)
             ... on level 2 of the Dungeon.
             The game lasted 00:02:09 (1669 turns).

dorian the Firebug (Draconian Fire Elementalist)    Turns: 1669, Time: 00:02:10

Health: 0/26       AC:  6    Str: 10    XL:     3   Next: 7%
Magic:  0/6        EV: 11    Int: 16    God:
Gold:   89         SH:  5    Dex: 11    Spells: 5/6 levels left

rFire    . . .     SeeInvis .   h - +1 dagger (holy)
rCold    . . .     Gourm    .   i - +2 buckler
rNeg     . . .     Faith    .   (armour unavailable)
rPois    .         Spirit   .   (helmet restricted)
rElec    .         Reflect  .   (no cloak)
rCorr    .         Harm     .   (no gloves)
MR       .....                  l - +0 pair of boots
Stlth    ++........             (no amulet)
HPRegen  0.08/turn              (no ring)
MPRegen  0.10/turn              (no ring)

@: slowed, very slow
A: unfitting armour, cold-blooded, AC +5
a: no special abilities


You were on level 2 of the Dungeon.
You were hungry.

You visited 1 branch of the dungeon, and saw 2 of its levels.

You collected 89 gold pieces.

Inventory:

Hand Weapons
 h - a +1 dagger of holy wrath (weapon)
Armour
 i - a +2 buckler (worn)
 l - a +0 pair of boots (worn)
Jewellery
 j - a cursed -4 ring of evasion {unknown}
Scrolls
 d - 3 scrolls of enchant weapon {unknown}
 e - 5 scrolls of teleportation {unknown}
 m - a scroll of random uselessness {unknown}
 n - 2 scrolls of remove curse {unknown}
 o - 2 scrolls of identify {unknown}
Potions
 a - 2 potions of berserk rage {unknown}
 c - a potion of curing {unknown}
 f - a potion of might {unknown}
 g - 3 potions of lignification {unknown}
Comestibles
 b - 6 rations


   Skills:
 - Level 1.7 Dodging
 - Level 1.7 Stealth
 + Level 2.3 Spellcasting
 * Level 2.0 Conjurations
 * Level 3.5 Fire Magic


You had 5 spell levels left.
You knew the following spells:

 Your Spells              Type           Power        Failure   Level  Hunger
a - Foxfire               Conj/Fire      ##..         11%         1    #......

Your spell library contained the following spells:

 Spells                   Type           Power        Failure   Level  Hunger
 Conjure Flame            Conj/Fire      ##......     32%         3    ###....
 Corona                   Hex            #......      34%         1    #......
 Inner Flame              Hex/Fire       #.......     43%         3    ###....
 Ensorcelled Hibernation  Hex/Ice        #.....       45%         2    ###....
 Dazzling Flash           Conj/Hex       #.....       54%         3    ###....
 Confusing Touch          Hex            #.......     71%         3    ###....
 Tukima's Dance           Hex            #.......     71%         3    ###....
 Sticky Flame             Conj/Fire      ##......     71%         4    #####..
 Fireball                 Conj/Fire      ##........   96%         5    ######.


Dungeon Overview and Level Annotations

Branches:
Dungeon (2/15)

Altars:

Annotations:
D:2 Natasha


Innate Abilities, Weirdness & Mutations

Your plain brown scales are hard. (AC +5)
You cannot fit into any form of body armour.
You are cold-blooded and may be slowed by cold attacks.


Message History

You resist with significant effort.
Casting: Foxfire (safe; 11% risk of failure)
Confirm with . or Enter, or press ? or * to list all spells.
You conjure some foxfire!
Natasha howls an incantation.
You feel troubled. Natasha claws you!
* * * LOW HITPOINT WARNING * * *
Natasha casts a spell at you. You resist with significant effort.
Your foxfire dissipates!
The foxfire hits Natasha.
Natasha is severely wounded.
You hit Natasha.
Your tail-slap misses Natasha.
Natasha is almost dead.
Natasha stares at you and mumbles some strange words.
The magic dart hits you.
* * * LOW HITPOINT WARNING * * *
Natasha claws you.
You die...

#...<..#
#.###...#.#..
#.###..#
#.........#.. #.#
#..# #####........
#.###..#
.............
#......#
.####........
#..##.#### #...###..
#..##.#.. #....##..
#..##.#.# .......>...
#..##.#@#
#.###...#..#
#......h# # ...≈....
####.##.# ≈≈≈≈≈≈≈≈≈
#.##.#####.≈≈≈≈≈≈≈≈ .
#.##......≈≈≈≈.≈≈.≈≈≈
#.########≈≈≈≈≈
#.###### ≈≈# #......#
# #......#.#


You could see Natasha.

Vanquished Creatures
  A gnoll (D:1)
  A dart slug (D:1)
  4 bats
  2 giant cockroaches (D:1)
  A goblin (D:1)
  2 hobgoblins (D:2)
  3 kobolds
  A ball python (D:2)
  A frilled lizard (D:2)
  3 rats (D:1)
19 creatures vanquished.

Vanquished Creatures (others)
  28 foxfires
28 creatures vanquished.

Grand Total: 47 creatures vanquished

Notes
Turn   | Place    | Note
-------+----------+-------------------------------------------
     0 | D:1      | dorian the Draconian Fire Elementalist began the quest for
                  | the Orb.
     0 | D:1      | Reached XP level 1. HP: 14/14 MP: 3/3
   165 | D:1      | Reached XP level 2. HP: 19/20 MP: 0/5
  1448 | D:2      | Reached XP level 3. HP: 26/26 MP: 3/6
  1650 | D:2      | Noticed Natasha
  1669 | D:2      | HP: 1/26 [Natasha/magic dart (3)]
  1669 | D:2      | Slain by Natasha

Illustrated notes

Levels and vault maps discovered:
D:1:      eino_arrival_water_star, layout_basic, minivault_4
D:2:      layout_loops_ring, chequers_serial_rivers_large_a, uniq_natasha

Skill      XL: |  1  2 |
---------------+-------+-----
Conjurations   | 2 |  2.0
Dodging        | |  1.7
Stealth        | |  1.7
Spellcasting   | |  2.3
Fire Magic     | |  3.5

Action                   || total
-------------------------++-------
Melee: Unarmed           ||    32
       Dagger            ||    54
       Tailslap          ||     3
 Cast: Foxfire           ||    24
 Stab: Sleeping          ||     3
  Eat: Chunk             ||     2
Armor: Skin              ||    32
Dodge: Dodged            ||    57
Block: Buckler           ||    19
